AoeStats
← potredAr

Arabia

503147182Analyzed
1v1 RM · 1mo ago on Aug 30, 2026· 23m 53s· 2 players
Game mode
Random Map
Map size
Tiny (2 player)
Population
200
Speed
Normal
Resources
Standard
Victory
Conquest
Starting age
Dark Age
Ending age
Imperial Age
RankedLock teamsTeams togetherTeam positionsShared explorationLock speedFull tech treeHidden civsTurbo modeCheats
Victory
Defeat
🇮🇹 Vietnamese · Italy
906
+16
🇫🇷 Franks · France
913
-34
150490644
7:04 Loom
9:28 Feudal Age
10:00 Double-Bit Axe
14:58 Padded Archer Armor
16:20 Fletching
18:18 Gold Mining
21:14 Wheelbarrow
potredAr
10:09 Feudal Age
12:38 Double-Bit Axe
13:31 Loom
15:38 Wheelbarrow
20:31 Fletching
Connection lost

Rejoining the realm…

Still unreachable

The connection could not be restored.

Session expired

The server has moved on; the page needs a fresh start.